 Dungeon Crawl Stone Soup version 0.30-a0-986-g7f2e898f52 (webtiles) character file.

Game seed: 16998819938512539030

971 DeathPants the Chopper (level 8, 0/43 HPs)
             Began as a Vine Stalker Fighter on Apr 1, 2023.
             Slain by a gnoll
             ... wielding a +0 halberd
              (11 damage)
             ... on level 4 of the Dungeon.
             The game lasted 00:11:25 (3671 turns).

DeathPants the Chopper (Vine Stalker Fighter)       Turns: 3671, Time: 00:11:26

Health: 0/43       AC:  8    Str: 22    XL:     8   Next: 16%
Magic:  0/9        EV:  9    Int: 14    God:
Gold:   245        SH:  5    Dex: 13    Spells: 7/7 levels left

rFire   . . .      SeeInvis .    a - +0 war axe
rCold   . . .      Faith    .    c - +0 buckler
rNeg    . . .      Spirit   +    b - +0 scale mail
rPois   +          Reflect  .    g - +0 helmet
rElec   .          Rampage  .    (no cloak)
rCorr   .                        s - +0 pair of gloves
Will    +....                    (no boots) Stlth
                                 (no amulet)
HPRegen 1.07/turn                o - +6 ring of intelligence
MPRegen 0.11/turn                A - ring of poison resistance

@: mighty
A: fangs 3, regeneration 1, magic shield, antimagic bite, no potion heal 2
a: no special abilities


You were on level 4 of the Dungeon.
You visited 1 branch of the dungeon, and saw 5 of its levels.
You also visited: Sewer.

You collected 245 gold pieces.

Inventory:

Hand Weapons
 a - a +0 war axe (weapon)
Missiles
 f - 31 poisoned darts
 h - 3 curare-tipped darts
 r - 9 boomerangs (quivered)
Armour
 b - a +0 scale mail (worn)
 c - a +0 buckler (worn)
 g - a +0 helmet (worn)
 q - an orb of guile
 s - a +0 pair of gloves (worn)
Jewellery
 o - a +6 ring of intelligence (left hand)
 u - a ring of flight
 w - a +6 ring of intelligence
 A - a ring of poison resistance (right hand)
Scrolls
 e - a scroll of blinking
 i - a scroll of vulnerability
 v - 2 scrolls of teleportation
 y - a scroll of fear
 C - a scroll of amnesia {unknown}
 D - a scroll of enchant weapon {unknown}
Potions
 j - 2 potions of curing
 k - a potion of invisibility {unknown}
 l - a potion of resistance
 m - a potion of berserk rage
 n - 3 potions of mutation
 p - 3 potions of magic {unknown}
 t - 2 potions of haste {unknown}
 x - a potion of lignification {unknown}
 z - a potion of flight {unknown}
 B - 2 potions of heal wounds {unknown}


   Skills:
 + Level 5.0 Fighting
 * Level 6.1 Axes
 - Level 2.4 Armour
 + Level 4.9 Shields


You had 7 spell levels left.
You didn't know any spells.
Your spell library contained the following spells:

 Spells                   Type           Power      Damage    Failure   Level
 Kindle Blastsparks       Fire/Tloc/Air  0%         2d10      96%         3
 Fulminant Prism          Conj/Hex       0%         3d5       100%        4
 Iskenderun's Mystic Bla  Conj/Tloc      0%         2d3       100%        4
 Lee's Rapid Deconstruct  Erth           0%         3d4*      100%        5


Dungeon Overview and Level Annotations

Branches:
Dungeon (5/15)              Sewer (visited)
 Temple: D:4-7

Altars:
Makhleb

Shops:
D:3 :

Annotations:
D:2 digging


Innate Abilities, Weirdness & Mutations

You have razor-sharp teeth.
Your natural rate of healing is unusually fast.
When hurt, damage is shared between your health and your magic reserves.
Your bite disrupts and absorbs the magic of your enemies.
Potions cannot restore your health.


Message History

* * * LOW HITPOINT WARNING * * *
The gnoll hits you from afar with a +0 spear.
* * * LOW HITPOINT WARNING * * *
You block the gnoll's attack. The gnoll hits you but does no damage.
Prince Ribbit hits you.
* * * LOW HITPOINT WARNING * * *
You hit Prince Ribbit.
Prince Ribbit is almost dead.
You slash the gnoll!
You kill the gnoll!
You block Prince Ribbit's attack. The gnoll hits you but does no damage.
The gnoll completely misses you.
Prince Ribbit falters for a moment.
The gnoll hits you from afar with a +0 halberd.
* * * LOW HITPOINT WARNING * * *
You block the gnoll's attack.
You slash Prince Ribbit!
You kill Prince Ribbit!
Prince Ribbit returns to his original shape as he dies.
The gnoll barely misses you. The gnoll hits you but does no damage.
Your Fighting skill increases to level 5!
Your Axes skill increases to level 6!
You have reached level 8!
You feel stronger.
Your teeth grow very long and razor-sharp.
The sentinel's mark upon you fades away.
The gnoll hits you from afar with a +0 halberd.
* * * LOW HITPOINT WARNING * * *
A hobgoblin comes into view.
The hobgoblin shouts!
The gnoll hits you but does no damage.
You barely miss the hobgoblin. Your bite misses the hobgoblin.
The gnoll hits you from afar with a +0 halberd!
* * * LOW HITPOINT WARNING * * *
You block the hobgoblin's attack.
You closely miss the hobgoblin. Your bite misses the hobgoblin.
You block the gnoll's attack. The hobgoblin barely misses you.
You hit the hobgoblin.
You kill the hobgoblin!
The gnoll hits you from afar with a +0 halberd!
You die...

##.......##)####
.......>.†.....#
##.......##.##.#
..........#.##.#
##........#.##.#
#........#.##g#
#..........##.#
#..........##g#######.#
.#
####.##...###..@......#
.# #.# #.## #########.#
.# #.# .# .# #†# . #.#
.# #)# # # #.# .# #.#
#.###.##.# #.#
#......<.# #.#
####...### #####.#
#...#


You could see a gnoll.

Vanquished Creatures
  Prince Ribbit (D:4)
  A black bear (D:4)
  An ogre (D:5)
  2 kobold brigands (Sewer)
  A howler monkey (D:5)
  A crimson imp (D:5)
  A hound (D:4)
  A jelly (D:4)
  An iguana (D:4)
  Robin (D:1)
  6 gnolls
  8 adders
  2 ufetubi (D:5)
  2 worms
  4 dart slugs
  An orc (D:5)
  7 endoplasms
  4 giant cockroaches
  19 goblins
  7 hobgoblins
  6 jackals
  6 quokkas
  20 ball pythons
  4 bats
  3 frilled lizards
  19 kobolds
  6 rats
135 creatures vanquished.

Vanquished Creatures (others)
  A fungus (Sewer)
  3 plants (Sewer)
4 creatures vanquished.

Grand Total: 139 creatures vanquished

Notes
Turn   | Place    | Note
-------+----------+-------------------------------------------
     0 | D:1      | DeathPants the Vine Stalker Fighter began the quest for the
                  | Orb.
     0 | D:1      | Reached XP level 1. HP: 11/11 MP: 2/2
    81 | D:2      | Reached skill level 2 in Axes
    82 | D:2      | Noticed Robin
    86 | D:1      | Reached XP level 2. HP: 9/16 MP: 1/3
   138 | D:1      | Killed Robin
   139 | D:1      | Reached XP level 3. HP: 10/20 MP: 1/4
   827 | D:1      | Gained mutation: Your natural rate of healing is unusually
                  | fast. [Vine Stalker growth]
   827 | D:1      | Reached XP level 4. HP: 24/24 MP: 5/5
  1070 | D:2      | Reached skill level 3 in Axes
  1924 | D:3      | Found Yzisuas's Book Boutique.
  1992 | D:3      | Reached XP level 5. HP: 28/28 MP: 6/6
  2725 | D:5      | Entered Level 5 of the Dungeon
  2728 | D:5      | Noticed an ogre
  2740 | D:5      | Killed an ogre
  2741 | D:5      | Reached skill level 4 in Axes
  2741 | D:5      | Reached XP level 6. HP: 29/33 MP: 5/7
  2964 | D:5      | Identified the +1 dagger "Bimuok" {holy, Will+ Str+2}
  3006 | D:5      | Found a burning altar of Makhleb.
  3025 | D:5      | Found a glowing drain.
  3030 | Sewer    | Entered a sewer
  3067 | Sewer    | Reached XP level 7. HP: 35/37 MP: 6/8
  3144 | Sewer    | Reached skill level 5 in Axes
  3634 | D:5      | Noticed Prince Ribbit
  3654 | D:4      | HP: 1/38 [gnoll/+0 halberd (4)]
  3655 | D:4      | Killed Prince Ribbit
  3656 | D:4      | Reached skill level 5 in Fighting
  3656 | D:4      | Reached skill level 6 in Axes
  3656 | D:4      | Gained mutation: You have razor-sharp teeth. [Vine Stalker
                  | growth]
  3656 | D:4      | Reached XP level 8. HP: 3/43 MP: 1/9
  3671 | D:4      | Slain by a gnoll

Illustrated notes

Levels and vault maps discovered:
D:1:      dpeg_arrival_rooms_c, layout_loops_ring, minmay_pentomino_t4
D:2:      layout_basic, hex_large, due_unseen_surprise, uniq_robin
D:3:      layout_basic, serial_shops, nicolae_shop_competitors_out_of_business,
          grunt_ministairs_1
D:4:      layout_loops_ring
D:5:      layout_basic, makhleb_grotto_becter, gup_sewer_entry_bowl,
          uniq_prince_ribbit1, uniq_duvessa

Skill      XL: |  1  2  3  4  5  6  7 |
---------------+----------------------+-----
Axes           | 2 3 4 6 |  6.1
Fighting       | 3 4 5 |  5.0
Shields        | 3 4 |  4.9
Armour         | |  2.4

Action                     |  1- 3 |  4- 6 |  7- 9 || total
---------------------------+-------+-------+-------++-------
  Melee: War axe           |    93 |   155 |    89 ||   337
         Bite              |    15 |    37 |    18 ||    70
  Throw: Dart              |       |     3 |       ||     3
    Use: Scroll            |       |    11 |     1 ||    12
         Potion            |       |       |     1 ||     1
 Armour: Scale mail        |    70 |    86 |    58 ||   214
  Dodge: Dodged            |    41 |    87 |    58 ||   186
  Block: Buckler           |    25 |    52 |    27 ||   104

Table legend: (Time is in decaauts)
 A = Elapsed time spent in this place.
 B = Non-inter-level travel time spent in this place.
 C = Inter-level travel time spent in this place.
 D = Time resting spent in this place.
 E = Time spent auto-exploring this place.
 F = Levels seen in this place.
 G = Mean time per level.
                   A        B        C        D        E       F      G
               +--------+--------+--------+--------+--------+-----+--------+
         Total |   3818 |   3738 |     80 |    288 |   2193 |   6 |  636.3 |
       Dungeon |   3543 |   3463 |     80 |    288 |   2095 |   5 |  708.6 |
         Sewer |    275 |    275 |      0 |      0 |     98 |   1 |  275.0 |
               +--------+--------+--------+--------+--------+-----+--------+

Top non-repeatable levels by time:
     D:3: 998 daAuts
     D:1: 982 daAuts
     D:2: 737 daAuts
     D:4: 463 daAuts
     D:5: 360 daAuts
   Sewer: 275 daAuts
